 Dungeon Crawl Stone Soup version 0.28.0-53-g5a82cb258f (webtiles) character file.

Game seed: 3477117018121972069

387 unlimited1921 the Stinger (level 6, -2/42 HPs)
             Began as a Demonspawn Venom Mage on Aug 1, 2022.
             Was a Follower of Fedhas.
             Succumbed to a kobold brigand's curare-tipped dart
             ... on level 3 of the Dungeon.
             The game lasted 00:15:53 (6382 turns).

unlimited1921 the Stinger (Demonspawn Venom Mage)   Turns: 6382, Time: 00:15:54

Health: -2/42      AC:  2    Str:  7 (8)  XL:     6   Next: 49%
Magic:  12/12      EV: 12    Int: 17 (19) God:    Fedhas [*.....]
Gold:   61         SH:  0    Dex: 12 (13) Spells: 6/13 levels left

rFire   . . .      SeeInvis .   d - +1 mace (protect)
rCold   . . .      Faith    +   (no shield)
rNeg    . . .      Spirit   .   a - +0 robe
rPois   .          Reflect  .   (no helmet)
rElec   .          Harm     .   (no cloak)
rCorr   .          Rampage  .   (no gloves)
Will    .....                   (no boots)
Stlth   ++........              e - amulet of faith
HPRegen 0.14/turn               (no ring)
MPRegen 0.13/turn               (no ring)

@: lethally poisoned (-2 -> -20), slowed, very slow
A: ignite blood 1, powered by pain 2, weakness stinger 1, demonic touch 1
a: Renounce Religion


You were on level 3 of the Dungeon.
You worshipped Fedhas.
Fedhas was aware of your devotion.
You visited 1 branch of the dungeon, and saw 3 of its levels.

You collected 61 gold pieces.

Inventory:

Hand Weapons
 d - a +1 mace of protection (weapon)
 h - a +0 dagger of flaming
 l - a +0 hand axe
 m - a +0 scythe
Missiles
 c - 8 javelins (quivered)
 g - 13 poisoned darts
 j - 29 stones
 o - 14 sling bullets
Armour
 a - a +0 robe (worn)
 i - a +0 leather armour
 k - a +0 ring mail
Jewellery
 e - an amulet of faith (around neck)
Scrolls
 b - a scroll of fear {unknown}
 f - 3 scrolls of identify {unknown}
 t - a scroll of silence {unknown}
 u - a scroll of noise {unknown}
Potions
 p - a potion of attraction {unknown}
 q - a potion of curing {unknown}
 r - a potion of mutation {unknown}
 s - a potion of haste {unknown}


   Skills:
 + Level 0.3 Fighting
 + Level 0.5 Maces & Flails
 + Level 0.1 Throwing
 + Level 2.0 Dodging
 + Level 2.2 Stealth
 * Level 4.1 Spellcasting
 + Level 1.3 Transmutations
 + Level 1.8 Air Magic
 + Level 4.9 Poison Magic


You had 6 spell levels left.
You knew the following spells:

 Your Spells              Type           Power      Damage    Failure   Level
a - Sting                 Tmut/Pois      56%        1d5       4%          1
b - Poisonous Vapours     Pois/Air       30%        N/A       6%          2
c - Olgreb's Toxic Radia  Pois           20%        N/A       21%         4

Your spell library contained the following spells:

 Spells                   Type           Power      Damage    Failure   Level
 Mephitic Cloud           Conj/Pois/Air  11%        N/A       19%         3
 Animate Armour           Summ/Erth      6%         N/A       83%         4
 Blade Hands              Tmut           4%         N/A       94%         5
 Iron Shot                Conj/Erth      1%         9d1       100%        6


Dungeon Overview and Level Annotations

Branches:
Dungeon (3/15)

Altars:
Fedhas


Innate Abilities, Weirdness & Mutations

Your demonic aura sometimes causes spilled blood to erupt in flames.
You sometimes gain power by taking damage.
You have a small tail.
Your touch may inflict minor irresistible damage on your foes.


Message History

Press: ? - help, Dir - move target, f - kobold brigand
Aim: a kobold brigand, wielding a +0 club and quivering curare-tipped darts (asleep) Poisonous vapours surround the kobold brigand!
The kobold brigand is poisoned.
The kobold brigand shouts!
Casting: Poisonous Vapours (safe; 5% risk of failure)
Confirm with . or Enter, or press ? or * to list all spells.
Aiming: Poisonous Vapours (safe; 5% risk of failure)
Press: ? - help, Dir - move target, f/p - kobold brigand
Aim: a kobold brigand, wielding a +0 club and quivering curare-tipped darts (very poisoned) Poisonous vapours surround the kobold brigand!
The kobold brigand looks as sick as possible!
The kobold brigand throws a curare-tipped dart.
The curare-tipped dart closely misses you.
The kobold brigand throws a curare-tipped dart.
The curare-tipped dart hits you.
You are poisoned.
You have difficulty breathing.
You focus on the pain.
You feel your power returning.
You feel yourself slow down.
You feel very sick.
The kobold brigand throws a curare-tipped dart.
The curare-tipped dart hits you.
You are more poisoned.
You have difficulty breathing.
You feel as though you will be slow longer.
You feel very sick.
* * * LOW HITPOINT WARNING * * *
You feel very sick.
The kobold brigand throws a curare-tipped dart.
The curare-tipped dart hits you.
You are lethally poisoned!
You have difficulty breathing.
* * * LOW HITPOINT WARNING * * *
You feel as though you will be slow longer.
Unknown command.
It was a potion of degeneration.
There was something very wrong with that liquid.
You feel weakened.
You feel dopey.
You feel clumsy.
You die...
Fedhas appreciates your contribution to the ecosystem.

.#...........#######.#
##.###...(...#.....#.#
##....#..............#
####....)...........#
###....).............#
#...#................#########
..###..........>.......#≈≈≈≈≈##
### ##...)..#######..#.≈≈≈≈≈≈≈≈#
# #....###...@.###≈≈≈≈≈≈≈≈### ##
##....)........######≈### .
.######...)..#####.....K.###....
.....#...#####≈≈≈###..........#
...........≈≈≈≈≈≈≈≈######...###
########....≈≈≈≈≈≈≈≈ #### ..#
#.....#≈≈≈.....
#.#########.......##.#
#.....######....... ..


You could see a kobold brigand (very poisoned).

Vanquished Creatures
  Sigmund (D:2)
  An ogre (D:3)
  A kobold brigand (D:3)
  Terence (D:2)
  3 adders
  An orc (D:3)
  4 endoplasms
  2 giant cockroaches
  A goblin (D:1)
  7 hobgoblins
  2 quokkas (D:2)
  2 ball pythons
  4 bats
  3 frilled lizards
  9 kobolds
  4 rats
46 creatures vanquished.

Notes
Turn   | Place    | Note
-------+----------+-------------------------------------------
     0 | D:1      | unlimited1921 the Demonspawn Venom Mage began the quest for
                  | the Orb.
     0 | D:1      | Reached XP level 1. HP: 13/13 MP: 3/3
  1159 | D:1      | Found a faded altar of an unknown god.
  1638 | D:2      | Gained mutation: You sometimes gain a little power by
                  | taking damage. [demonic ancestry]
  1638 | D:2      | Reached XP level 2. HP: 19/19 MP: 1/5
  1837 | D:2      | Reached skill level 1 in Transmutations
  1841 | D:2      | Discovered your monstrous ancestry.
  1841 | D:2      | Gained mutation: You have a small tail. [demonic ancestry]
  1841 | D:2      | Reached XP level 3. HP: 3/24 MP: 1/6
  1864 | D:2      | Noticed Terence
  1878 | D:2      | Learned a level 2 spell: Poisonous Vapours
  1892 | D:2      | Noticed Sigmund
  1919 | D:2      | Killed Terence
  2986 | D:2      | Found a blossoming altar of Fedhas.
  3000 | D:2      | Became a worshipper of Fedhas Madash
  3713 | D:2      | Killed Sigmund
  3714 | D:2      | Reached skill level 1 in Air Magic
  3714 | D:2      | Gained mutation: You sometimes gain power by taking damage.
                  | [demonic ancestry]
  3714 | D:2      | Reached XP level 4. HP: 9/30 MP: 2/9
  3714 | D:2      | Gained mutation: Your demonic aura sometimes causes spilled
                  | blood to erupt in flames. [demonic ancestry]
  3714 | D:2      | Reached XP level 5. HP: 11/35 MP: 2/10
  4223 | D:3      | Noticed an ogre
  4247 | D:3      | Killed an ogre
  4248 | D:3      | Gained mutation: Your touch may inflict minor irresistible
                  | damage on your foes. [demonic ancestry]
  4248 | D:3      | Reached XP level 6. HP: 41/41 MP: 0/11
  4448 | D:3      | Learned a level 4 spell: Olgreb's Toxic Radiance
  5597 | D:3      | Reached * piety under Fedhas
  6382 | D:3      | Succumbed to a kobold brigand's curare-tipped dart

Illustrated notes

Levels and vault maps discovered:
D:1:      onia_arrival_mini_spirals, layout_loops_cross,
          hellmonk_ecumenical_altar_leap_of_faith
D:2:      layout_loops_ring, basic_altar, uniq_terence, uniq_sigmund
D:3:      cheibrodos_thug_alley, layout_rooms

Skill      XL: |  1  2  3  4  5  6 |
---------------+-------------------+-----
Stealth        | 2 |  2.2
Transmutations | 1 |  1.3
Spellcasting   | 3 4 |  4.1
Dodging        | 2 |  2.0
Air Magic      | 1 |  1.8
Poison Magic   | 4 |  4.9
Fighting       | |  0.3
Maces & Flails | |  0.5
Throwing       | |  0.1

Action                   |  1- 3 |  4- 6 || total
-------------------------+-------+-------++-------
Melee: Dagger            |     2 |       ||     2
       Mace              |     6 |    15 ||    21
       Touch             |       |     1 ||     1
Throw: Javelin           |     5 |       ||     5
 Cast: Sting             |    20 |     2 ||    22
       Poisonous Vapours |    19 |    43 ||    62
  Use: Potion            |     2 |     1 ||     3
       Scroll            |     1 |       ||     1
Armor: Robe              |     9 |     3 ||    12
Dodge: Dodged            |    14 |    11 ||    25
